 Dungeon Crawl Stone Soup version 0.18-a0-844-g9229740 (webtiles) character file.

413 JokEr the Insei (level 6, -3/43 HPs)
             Began as an Octopode Transmuter on Dec 18, 2015.
             Slain by an orc
             ... wielding a +0 flail
              (11 damage)
             ... on level 4 of the Dungeon.
             The game lasted 00:07:32 (2905 turns).

JokEr the Insei (Octopode Transmuter)               Turns: 2905, Time: 00:07:32

Health: -3/43      AC:  1    Str:  9    XL:     6   Next: 90%
Magic:  9/9        EV: 12    Int: 17    God:
Gold:   141        SH:  0    Dex: 13    Spells: 2 memorised, 4 levels left

rFire  . . .     SeeInvis .       - Unarmed
rCold  . . .     Gourm    .     (no shield)
rNeg   . . .     Faith    .     (helmet restricted)
rPois  .         Spirit   .     d - amulet of regeneration
rElec  .         Dismiss  .     (no ring)
rCorr  .         Reflect  .     (no ring)
SustAt .         Harm     .     (no ring)
MR     .....                    (no ring)
Stlth  ++........               (no ring)
                                (no ring)
                                (no ring)
                                (no ring)

@: lethally poisoned (-3 -> -3), not resistant to hostile enchantments,
unstealthy
A: almost no armour, amphibious, 8 rings, constrict 8, camouflage 1, gelatinous
body 1
a: no special abilities


You were on level 4 of the Dungeon.
You were hungry.

You visited 1 branch of the dungeon, and saw 4 of its levels.

You collected 141 gold pieces.

Inventory:

Missiles
 a - 70 arrows
Jewellery
 d - an amulet of regeneration (around mantle)
 l - an uncursed ring of magical power {unknown}
Wands
 h - a wand of digging (24)
 o - a wand of fire (11)
 p - a wand of random effects (25)
Scrolls
 m - a scroll of identify
 n - a scroll of recharging
Potions
 e - a potion of might
 f - a potion of lignification
 g - 2 potions of curing {unknown}
 i - a potion of brilliance
Books
 b - a book of Changes

   Spells                             Type                      Level
   a - Beastly Appendage              Transmutation                1
   b - Sticks to Snakes               Transmutation                2
   c - Spider Form                    Transmutation/Poison         3
   d - Ice Form                       Ice/Transmutation            4
   e - Blade Hands                    Transmutation                5
Comestibles
 c - a bread ration
 j - 3 fruits
 k - a meat ration


   Skills:
 + Level 3.9 Fighting
 - Level 2.0 Dodging
 + Level 4.9 Unarmed Combat
 - Level 2.0 Spellcasting
 - Level 3.8 Transmutations
 + Level 1.9 Ice Magic


You had 4 spell levels left.
You knew the following spells:

 Your Spells              Type           Power        Failure   Level  Hunger
a - Beastly Appendage     Trmt           ##....       4%          1    #......
b - Ice Form              Ice/Trmt       ##......     71%         4    #####..


Dungeon Overview and Level Annotations

Branches:
Dungeon (4/15)
 Temple: D:4-7

Altars:


Innate Abilities, Weirdness & Mutations

You cannot wear most types of armour.
You are amphibious.
You can wear up to eight rings at the same time.
You can use your tentacles to constrict eight enemies at once.
Your skin changes colour to match your surroundings (Stealth).
Your rubbery body absorbs attacks (AC +1).


Message History

You destroy the quokka skeleton!
The orc misses you.
You bludgeon the worker ant! Your grab misses the worker ant.
The worker ant is moderately wounded.
The worker ant bites you.
You are poisoned.
The worker ant poisons you! The orc hits you with a flail.
You tentacle-slap the worker ant. Your grab misses the worker ant.
The worker ant is heavily wounded.
You feel sick. The worker ant barely misses you. The orc closely misses you.
You tentacle-slap the worker ant. You grab the worker ant.
The worker ant is heavily wounded.
Your tentacle spike disappears.
You constrict the worker ant. The worker ant bites you.
* * * LOW HITPOINT WARNING * * *
You tentacle-slap the worker ant.
The worker ant is severely wounded.
You constrict the worker ant, but do no damage.
You feel sick. The worker ant barely misses you. The orc hits you with a flail!
You die...

#.....
####|o...
....>#a#
#...#.. #
#.....#####.#
#..?..+#....#
#.....##.#####
#$.....)a@.#
##.#...#o..#
+.%#.#######
####.. ####


You could see a worker ant and an orc.

Vanquished Creatures
  Sigmund (D:2)
  A phantom (D:4)
  An orc priest (D:3)
  Ijyb (D:2)
  Natasha (thrice) (D:3)
  A hound skeleton (D:4)
  3 adders
  2 giant geckos
  5 orcs
  6 bats
  3 giant cockroaches
  5 hobgoblins
  4 jackals (D:1)
  A quokka (D:3)
  3 giant newts
  10 goblins
  4 kobolds
  A quokka skeleton (D:4)
  8 rats
63 creatures vanquished.

Notes
Turn   | Place    | Note
--------------------------------------------------------------
     0 | D:1      | JokEr the Octopode Transmuter began the quest for the Orb.
     0 | D:1      | Reached XP level 1. HP: 13/13 MP: 3/3
   137 | D:1      | Reached XP level 2. HP: 15/18 MP: 3/5
   859 | D:2      | Reached XP level 3. HP: 18/24 MP: 3/6
  1125 | D:2      | Noticed Sigmund
  1139 | D:2      | Killed Sigmund
  1139 | D:2      | Reached skill level 4 in Unarmed Combat
  1139 | D:2      | Reached XP level 4. HP: 11/31 MP: 7/7
  1139 | D:2      | Reached XP level 5. HP: 12/36 MP: 8/8
  1532 | D:2      | Noticed Ijyb
  1549 | D:2      | Killed Ijyb
  2039 | D:3      | Reached XP level 6. HP: 40/42 MP: 9/9
  2071 | D:3      | Learned a level 4 spell: Ice Form
  2360 | D:3      | Noticed Natasha
  2364 | D:3      | Killed Natasha
  2364 | D:3      | Reached skill level 1 in Ice Magic
  2427 | D:3      | Noticed Natasha
  2432 | D:3      | Killed Natasha
  2468 | D:3      | Noticed Natasha
  2472 | D:3      | Killed Natasha
  2905 | D:4      | Slain by an orc

Vault maps used:
D:1:      minmay_arrival_jagged
D:2:      first_bread, dk_noncrumbling_2, uniq_sigmund, uniq_iyjb
D:3:      uniq_natasha
D:4:      serial_shops, shop, kennysheep_small_spiral

Action                   |  1- 3 |  4- 6 || total
-------------------------+-------+-------++-------
Melee: Unarmed           |    66 |   140 ||   206
 Cast: Beastly Appendage |    16 |    18 ||    34
  Use: Scroll            |     3 |     4 ||     7
       Potion            |     3 |       ||     3
 Stab: Sleeping          |     3 |     4 ||     7
  Eat: Chunk             |     1 |     1 ||     2
       Bread ration      |       |     1 ||     1
